 Dungeon Crawl Stone Soup version 0.18-a0-1577-gf591c28 (webtiles) character file.

39 M4edhros the Sneak (level 3, 0/23 HPs)
             Began as an Octopode Artificer on Mar 24, 2016.
             Slain by an ooze (4 damage)
             ... on level 2 of the Dungeon.
             The game lasted 00:00:59 (1003 turns).

M4edhros the Sneak (Octopode Artificer)             Turns: 1003, Time: 00:00:59

Health: 0/23       AC:  1    Str: 10    XL:     3   Next: 47%
Magic:  1/1        EV: 13    Int: 14    God:
Gold:   59         SH:  0    Dex: 13    Spells: 0 memorised, 2 levels left

rFire  x . .     SeeInvis .     o - +2 spear (antimagic)
rCold  + . .     Gourm    .     (no shield)
rNeg   . . .     Faith    .     (helmet restricted)
rPois  .         Spirit   .     (no amulet)
rElec  .         Dismiss  .     g - ring of ice
rCorr  .         Reflect  .     (no ring)
SustAt .         Harm     .     (no ring)
MR     .....                    (no ring)
Stlth  ++++......               (no ring)
                                (no ring)
                                (no ring)
                                (no ring)

@: not resistant to hostile enchantments, stealthy
A: almost no armour, amphibious, 8 rings, constrict 8, camouflage 1, gelatinous
body 1
a: no special abilities


You were on level 2 of the Dungeon.
You were not hungry.

You visited 1 branch of the dungeon, and saw 2 of its levels.

You collected 59 gold pieces.

Inventory:

Hand Weapons
 a - a +0 short sword
 o - a +2 antimagic spear (weapon)
Missiles
 h - 50 stones (quivered)
Jewellery
 g - a ring of ice (left tentacle)
Wands
 b - a wand of flame (14/48)
 c - a wand of enslavement (15/24)
 d - a wand of random effects (15/48)
Scrolls
 k - a scroll of random uselessness {unknown}
 m - a scroll of blinking {unknown}
 n - 2 scrolls of identify {unknown}
Potions
 e - 2 potions of curing
 i - a potion of cure mutation {unknown}
 j - 2 potions of flight {unknown}
 l - a potion of ambrosia {unknown}
Comestibles
 f - a bread ration
 p - 4 chunks of flesh


   Skills:
 - Level 1.0 Fighting
 - Level 1.0 Short Blades
 + Level 2.6 Dodging
 * Level 3.9 Stealth
 - Level 3.2 Evocations


You had 2 spell levels left.
You didn't know any spells.

Dungeon Overview and Level Annotations

Branches:
Dungeon (2/15)

Altars:
The Shining One


Innate Abilities, Weirdness & Mutations

You cannot wear most types of armour.
You are amphibious.
You can wear up to eight rings at the same time.
You can use your tentacles to constrict eight enemies at once.
Your skin changes colour to match your surroundings (Stealth).
Your rubbery body absorbs attacks (AC +1).


Message History

You hit the jackal. Your grab misses the jackal.
The jackal is lightly wounded.
The jackal closely misses you. The jackal misses you.
You hit the jackal. Your grab misses the jackal.
The jackal is severely wounded.
The ooze hits you. The jackal bites you. The ooze hits you but does no damage.
You hit the jackal.
You kill the jackal!
The ooze hits you.
* * * LOW HITPOINT WARNING * * *
You are too injured to fight recklessly!
You are too injured to fight recklessly!
Evoke which item? (* to show all) (? for menu, Esc to quit)
Zapping:
b - a wand of flame (15/48)
Press: ? - help, Shift-Dir - straight line, f - ooze
Aim: an ooze The puff of flame hits the ooze.
The ooze is lightly wounded.
This wand has 14 charges left.
The ooze hits you.
You die...

.. #. ..####. .......
....... .......
#.....#######....#
##....J†....##....#
.....(†@....##....#
.#....#.....##....#
###..#.!...##)...###
##.#.....##......#
.##.........<.....#
.....#.####†...<.######
#[.........†...........
......#.........<......
####.......†##........


You could see an ooze.

Vanquished Creatures
  A gnoll (D:1)
  A dart slug (D:1)
  A giant gecko (D:2)
  A giant cockroach (D:1)
  A goblin (D:1)
  2 hobgoblins (D:1)
  9 jackals
  A kobold (D:1)
  3 bats
  A giant newt (D:2)
  4 rats
25 creatures vanquished.

Notes
Turn   | Place    | Note
--------------------------------------------------------------
     0 | D:1      | M4edhros the Octopode Artificer began the quest for the Orb.
     0 | D:1      | Reached XP level 1. HP: 13/13 MP: 3/3
   234 | D:1      | Reached XP level 2. HP: 18/18 MP: 4/4
   400 | D:1      | Found a glowing golden altar of the Shining One.
   922 | D:1      | Reached XP level 3. HP: 19/23 MP: 1/5
  1003 | D:2      | Slain by an ooze

Vault maps used:
D:1:      minmay_arrival_jagged, minmay_misc_feat_enclosed, tso_altar
D:2:      minitemple, minmay_circled_x, uniq_terence, uniq_iyjb

Skill      XL: |  1  2 |
---------------+-------+-----
Stealth        | 2 3 |  3.9
Fighting       | |  1.0
Short Blades   | |  1.0
Dodging        | |  2.6
Evocations     | |  3.2

Action                   || total
-------------------------++-------
Melee: Short sword       ||    13
       Spear             ||    38
Evoke: Wand              ||     1
  Use: Potion            ||     1
 Stab: Sleeping          ||     3
